 Dungeon Crawl Stone Soup version 0.31-a0-564-g3b7de120b3 (webtiles) character file.

Game seed: 12728970603322489864

277 Ge0ff the Poker (level 6, -5/49 HPs)
             Began as a Barachi Chaos Knight on Aug 17, 2023.
             Was a Plaything of Xom.
             Slain by a mummy (22 damage)
             ... in an ossuary.
             The game lasted 00:05:56 (2504 turns).

Ge0ff the Poker (Barachi Chaos Knight)              Turns: 2504, Time: 00:05:56

Health: -5/49      AC:  9    Str: 15    XL:     6   Next: 25%
Magic:  6/6        EV: 11    Int: 12    God:    Xom [..*...]
Gold:   142        SH:  0    Dex: 12    Spells: 5/5 levels left

rFire   . . .        a - +0 spear (chaos)
rCold   . . .        (no shield)
rNeg    . . .        b - +2 leather armour
rPois   .            (no helmet)
rElec   .            (no cloak)
rCorr   .            (no gloves)
SInv    .            (no boots)
Will    .....        (no amulet)
Stlth   ++           R - +4 ring of protection
HPRegen 0.28/turn    (no ring)
MPRegen 0.10/turn

%: no passive effects
@: slow
A: amphibious, slowness 1, strong legs 1, +LOS
a: Hop, Renounce Religion


You were in an ossuary.
You worshipped Xom.
You were a toy of Xom.
You visited 1 branch of the dungeon, and saw 4 of its levels.
You also visited: Ossuary.

You collected 142 gold pieces.

Inventory:

Hand Weapons
 a - a +0 spear of chaos (weapon)
 Q - a +0 quarterstaff
Missiles
 O - 3 boomerangs
 Z - 13 stones (quivered)
Armour
 b - a +2 leather armour (worn)
Jewellery
 R - a +4 ring of protection (left hand)
Wands
 f - a wand of flame (17)
Scrolls
 m - 2 scrolls of revelation
 C - 3 scrolls of poison
 N - a scroll of teleportation {unknown}
 S - 2 scrolls of butterflies
 V - a scroll of immolation {unknown}
 X - a scroll of fear {unknown}
Potions
 M - a potion of curing {unknown}
 P - a potion of might {unknown}
 T - 2 potions of lignification {unknown}
 U - 3 potions of heal wounds {unknown}
 Y - a potion of mutation {unknown}


   Skills:
 + Level 4.4 Fighting
 * Level 5.6 Polearms
 - Level 2.4 Armour
 - Level 1.1 Dodging
 - Level 2.0 Stealth
 + Level 2.0 Evocations


You had 5 spell levels left.
You didn't know any spells.
Your spell library contained the following spells:

 Spells                   Type           Power      Damage    Failure   Level
 Shock                    Conj/Air       0%         1d3       38%         1
 Gell's Gravitas          Tloc           0%         N/A       77%         3
 Swiftness                Air            0%         N/A       77%         3
 Teleport Other           Tloc           0%         N/A       77%         3
 Volatile Blastmotes      Fire/Tloc      0%         2d10      77%         3
 Airstrike                Air            0%         2d(0-16)  99%         4
 Fulminant Prism          Conj/Hex       0%         3d5       99%         4
 Iskenderun's Mystic Bla  Conj/Tloc      0%         2d3       99%         4
 Dispersal                Tloc           0%         N/A       100%        6


Dungeon Overview and Level Annotations

Branches:
Dungeon (4/15) Zot: 21562 Ossuary (1/1) Zot: 5643
 Temple: D:4-7

Altars:


Innate Abilities, Weirdness & Mutations

You are amphibious.
You cover ground slowly.
You can hop short distances.
You have an extended range of vision and can be seen from far away.


Message History

The elf zombie misses you.
You hit the elf zombie but do no damage.
Space warps horribly around the elf zombie!!
The elf zombie is almost destroyed.
The elf zombie closely misses you.
You hit the elf zombie but do no damage.
The elf zombie is almost destroyed.
The elf zombie hits you but does no damage.
You hit the elf zombie.
You destroy the elf zombie!
The mummy hits you but does no damage.
Your Evocations skill increases to level 2!
You have reached level 6!
You hit the mummy but do no damage. You barely miss the mummy.
You hit the mummy. You burn the mummy.
The mummy is moderately damaged.
The mummy closely misses you.
You hit the mummy.
The mummy is moderately damaged.
You barely miss the mummy.
The mummy is moderately damaged.
The mummy hits you.
You hit the mummy but do no damage. You punch the mummy.
The mummy is moderately damaged.
You hit the mummy but do no damage.
The mummy suddenly seems more agile.
The mummy is moderately damaged.
The mummy misses you.
You barely miss the mummy.
The mummy is moderately damaged.
You hit the mummy but do no damage.
The mummy is moderately damaged.
The mummy hits you.
You barely miss the mummy.
The mummy is moderately damaged.
You hit the mummy but do no damage.
The mummy is moderately damaged.
The mummy hits you!
You barely miss the mummy.
The mummy is moderately damaged.
You hit the mummy. You burn the mummy.
The mummy is heavily damaged.
The mummy completely misses you.
You hit the mummy but do no damage.
The mummy seems to grow stronger.
Xom thinks this is hilarious!
The mummy is heavily damaged.
You barely miss the mummy.
The mummy is heavily damaged.
The mummy hits you!!
You die...

######################
#.........∩M.........#
#.........@..........#
#...##############...#
#...# #...# #...#
#...# #...# #...#
#...# ....∩.# #...#
#...# .....# #ZZ.#
#...# ....# #.Z.#
#...# ....## #Z..#


You could see a mummy (strong, agile).

Vanquished Creatures
  An elf zombie (Ossuary)
  A centaur zombie (Ossuary)
  A human zombie (Ossuary)
  Terence (D:3)
  A mummy (Ossuary)
  4 adders
  An adder zombie (Ossuary)
  A worm (D:2)
  A dart slug (D:3)
  An orc (D:3)
  6 endoplasms
  2 giant cockroaches (D:1)
  4 goblins
  5 hobgoblins
  3 jackals (D:3)
  A quokka (D:2)
  4 ball pythons
  6 bats
  2 frilled lizards (D:2)
  2 goblin zombies
  7 hobgoblin zombies (Ossuary)
  A jackal zombie (Ossuary)
  3 kobolds
  11 kobold zombies (Ossuary)
  5 orc zombies (Ossuary)
  3 rats
  A rat zombie (D:4)
79 creatures vanquished.

Vanquished Creatures (collateral kills)
  A kobold zombie (Ossuary)
  An orc zombie (Ossuary)
2 creatures vanquished.

Vanquished Creatures (others)
  A centaur zombie (Ossuary)
1 creature vanquished.

Grand Total: 82 creatures vanquished

Notes
Turn   | Place    | Note
-------+----------+-------------------------------------------
     0 | D:1      | Ge0ff the Barachi Chaos Knight began the quest for the Orb.
     0 | D:1      | Reached XP level 1. HP: 18/18 MP: 1/1
   151 | D:1      | Reached XP level 2. HP: 24/24 MP: 2/2
   184 | D:1      | XOM: silly message
   246 | D:1      | XOM: silly message
   382 | D:1      | XOM: silly message
   419 | D:1      | Reached skill level 1 in Stealth
   865 | D:2      | Reached XP level 3. HP: 22/29 MP: 3/3
   961 | D:2      | Reached skill level 4 in Polearms
   967 | D:2      | XOM: 6-stop teleportation journey
  1230 | D:2      | Reached XP level 4. HP: 23/36 MP: 4/4
  1236 | D:2      | XOM: divination: detect creatures
  1432 | D:3      | Noticed Terence
  1445 | D:3      | Killed Terence
  1671 | D:3      | XOM: silly message
  1691 | D:3      | XOM: silly message
  2015 | D:3      | XOM: divination: magic mapping
  2083 | D:4      | Found a sand-covered staircase.
  2137 | Ossuary  | Entered an ossuary
  2164 | Ossuary  | Reached XP level 5. HP: 42/42 MP: 5/5
  2409 | Ossuary  | Reached skill level 5 in Polearms
  2409 | Ossuary  | XOM: noise
  2427 | Ossuary  | XOM: cast spell 'Call Canine Familiar'
  2435 | Ossuary  | Reached skill level 1 in Evocations
  2490 | Ossuary  | Reached XP level 6. HP: 31/49 MP: 6/6
  2504 | Ossuary  | Slain by a mummy

Illustrated notes

Levels and vault maps discovered:
D:1:      elethiomel_arrival_infinity_welcomes_careful_drivers,
          layout_loops_ring, st_stairs_12
D:2:      layout_rooms, amcnicky_mini_pool_small
D:3:      layout_rooms, serial_bayou, serial_bayou_lagoon_a,
          serial_bayou_pond_d, serial_bayou_pond_c, serial_bayou_pond_b,
          serial_bayou_pond_c, corexii_corridor_pit, uniq_terence
D:4:      layout_loops_ring, enter_ossuary_4
Ossuary:  ossuary_tomb_1

Skill      XL: |  1  2  3  4  5 |
---------------+----------------+-----
Stealth        | 1 2 |  2.0
Polearms       | 4 5 |  5.6
Fighting       | 4 |  4.4
Evocations     | 2 |  2.0
Armour         | |  2.4
Dodging        | |  1.1

Action                     |  1- 3 |  4- 6 || total
---------------------------+-------+-------++-------
  Melee: Spear             |   129 |   238 ||   367
         Punch             |       |     3 ||     3
  Throw: Stone             |       |     1 ||     1
Ability: Hop               |       |     2 ||     2
    Use: Scroll            |       |     2 ||     2
   Stab: Sleeping          |     2 |     4 ||     6
 Armour: Leather armour    |    31 |    82 ||   113
  Dodge: Dodged            |    54 |   108 ||   162

Table legend: (Time is in decaauts)
 A = Elapsed time spent in this place.
 B = Non-inter-level travel time spent in this place.
 C = Inter-level travel time spent in this place.
 D = Time resting spent in this place.
 E = Time spent auto-exploring this place.
 F = Levels seen in this place.
 G = Mean time per level.
                   A        B        C        D        E       F      G
               +--------+--------+--------+--------+--------+-----+--------+
         Total |   2794 |   2645 |    149 |    104 |   1704 |   5 |  558.8 |
       Dungeon |   2437 |   2288 |    149 |      0 |   1672 |   4 |  609.2 |
       Ossuary |    356 |    356 |      0 |    104 |     32 |   1 |  356.0 |
               +--------+--------+--------+--------+--------+-----+--------+

Top non-repeatable levels by time:
     D:1: 965 daAuts
     D:2: 734 daAuts
     D:3: 678 daAuts
 Ossuary: 356 daAuts
     D:4: 59 daAuts
